Cogmind - Beta 14 @@@ ROGUE MODE // 2025.01.23 @ 19:25:15 Player: Zeta Lockhart Result: Destroyed by D-63 Destroyer with Heavy Rocket Launcher Performance ------------- Evolutions (4) 2000 Regions Visited (10) 2000 Robots Destroyed (99) 495 Value Destroyed (3069) 3069 Prototype IDs (16) 320 Alien Tech Used (0) 0 Bonus (497) 497 TOTAL SCORE: 8381 Bonus ------- High Alert Combat Kills 28 Follower Combat Kills 169 Met Data Miner 300 Cogmind --------- Core Integrity 0/850 Matter 273/300 Energy 150/150 System Corruption 2% Temperature Cool (0) Movement Core (250) Ox4 Location -5/Proximity Caves Parts ------- > --- POWER (3) -------- Light Angular Momentum Engine > --- PROPULSION (4) --- (None) > --- UTILITY (4) ------ (None) > --- WEAPON (4) ------- Heavy Particle Cannon (fused) > --- INVENTORY (5) ---- (None) Peak State ------------ > --- POWER ------------ Improved Ion Engine Light Nuclear Core Light Angular Momentum Engine > --- PROPULSION ------- Armored Treads Armored Treads Armored Treads Medium Treads > --- UTILITY ---------- Improved Heat Sink Advanced Heat Sink Improved Heavy Armor Plating > --- WEAPON ----------- Precision Shock Rifle Cooled Particle Cannon Hypervelocity Gauss Rifle Precision Rocket Launcher > --- INVENTORY -------- Plasma Rifle Heavy Particle Cannon Hypervelocity Gauss Rifle Bore Cannon [Rating: 63] Favorites ----------- Power Light Nuclear Core Engine Improved Ion Engine Power Core Light Nuclear Core Propulsion Armored Treads Treads Armored Treads Leg Carbon-fiber Leg Wheel Compact Wheel Hover Unit Combat Gravmag System Utility Improved Heat Sink Device Improved Heat Sink Storage Large Storage Unit Processor Advanced Visual Processing Unit Protection Hardened Light Armor Plating Weapon Heavy Particle Cannon Energy Gun Precision Shock Rifle Energy Cannon Heavy Particle Cannon Ballistic Gun Hypervelocity Gauss Rifle Ballistic Cannon Bore Cannon Launcher Precision Rocket Launcher Impact Weapon Maul Build | -11 -10 -10 -9 -8 -7 -6 -6 -6 -6 -5 ------- Run | Yrd Mat Min Mat Mat Fac Fac Low Low Dat Pro Slots Evolved 8 | . . . 2 2 2 2 . . . . Power 2 | . . . 1 . . 1 . . . . Propulsion 2 | . . . . 1 . 1 . . . . Utility 2 | . . . . 1 1 . . . . . Weapon 2 | . . . 1 . 1 . . . . . Parts Attached 79 | 5 2 2 13 20 6 7 1 12 . 11 Power 17 | 1 . . 5 1 2 1 1 2 . 4 Engine 13 | 1 . . 5 1 . 1 1 1 . 3 Core 4 | . . . . . 2 . . 1 . 1 Reactor . | . . . . . . . . . . . Propulsion 16 | 2 . . 2 7 . 1 . 1 . 3 Treads 9 | 2 . . . 3 . 1 . 1 . 2 Leg 4 | . . . . 4 . . . . . . Wheel 2 | . . . 2 . . . . . . . Hover 1 | . . . . . . . . . . 1 Flight . | . . . . . . . . . . . Utility 15 | . 2 1 1 6 1 2 . 2 . . Device 9 | . 1 1 1 3 . 1 . 2 . . Storage 1 | . 1 . . . . . . . . . Processor 2 | . . . . 1 1 . . . . . Hackware . | . . . . . . . . . . . Protection 3 | . . . . 2 . 1 . . . . Artifact . | . . . . . . . . . . . Weapon 31 | 2 . 1 5 6 3 3 . 7 . 4 Energy Gun 6 | 1 . . 1 . 1 . . 2 . 1 Energy Cannon 10 | . . . 2 5 . 1 . 1 . 1 Ballistic Gun 8 | 1 . . 1 1 2 1 . 1 . 1 Ballistic Cannon 2 | . . . . . . . . 2 . . Launcher 3 | . . 1 . . . 1 . 1 . . Special Weapon 1 | . . . . . . . . . . 1 Impact Weapon 1 | . . . 1 . . . . . . . Slashing Weapon . | . . . . . . . . . . . Piercing Weapon . | . . . . . . . . . . . Special Melee Weapon . | . . . . . . . . . . . Unidentified Prototypes 6 | . . . 3 . 1 2 . . . . Corrupted Parts 1 | . . . . . . 1 . . . . System Corruption 1 | . . . . . . 1 . . . . Parts Lost 32 | . . . 2 1 . . 1 8 . 20 Power 8 | . . . . . . . 1 1 . 6 Propulsion 7 | . . . 1 . . . . 2 . 4 Utility 6 | . . . . 1 . . . 1 . 4 Weapon 11 | . . . 1 . . . . 4 . 6 Highest Loss Streak 9 | . . . 2 1 . . 1 7 . 9 To Critical Strikes . | . . . . . . . . . . . Average Slot Usage (%) 82 | . 95 97 98 96 96 96 92 91 93 45 Engine 10 | . 14 14 22 18 6 6 6 12 6 7 Core 5 | . . . . . 8 13 12 6 13 4 Treads 17 | . 28 28 18 4 23 26 26 23 20 7 Leg 2 | . . . . 20 . . . . . . Device 13 | . 11 11 12 17 7 12 13 18 26 9 Storage 1 | . 12 14 9 . . . . . . . Processor 1 | . . . . 5 3 . . . . . Protection 3 | . . . . 2 15 9 6 3 . . Energy Gun 4 | . 14 . 3 5 4 6 6 3 6 3 Energy Cannon 6 | . . . 3 12 12 5 6 6 6 5 Ballistic Gun 6 | . 14 14 8 9 12 9 6 3 . 1 Ballistic Cannon 1 | . . . . . . . . 4 6 2 Launcher 3 | . . 13 9 . . 2 6 4 6 1 Peak Build Rating 63 | 5 10 11 16 32 41 62 63 63 54 58 Average Rating 37 | 3 9 9 12 27 37 54 62 57 54 27 On Entrance 31 | . 5 10 9 16 32 41 62 63 54 54 Naked Turns 30 | . . . . . . . . . . 30 Heaviest Build 68 | 9 37 39 43 39 43 59 63 68 50 58 Greatest Support 88 | 40 40 40 40 60 60 88 88 88 60 60 Greatest Overweight (x) 9 | 1 . . 2 9 . . . 1 . 4 Average Overweight (x) . | . . . . . . . . . . 2 Largest Inventory Capacity 15 | 5 15 15 15 5 5 5 5 5 5 5 Average Capacity 6 | 5 14 15 13 5 5 5 5 5 5 5 Most Carried 15 | 4 14 15 15 5 5 5 5 5 4 5 Average Carried 4 | 1 10 10 9 4 4 4 4 3 4 2 Final Capacity 15 | 5 15 15 5 5 5 5 5 5 5 5 Final Carried 14 | 4 14 8 4 5 5 5 4 4 4 . Class Distribution -------------------- 27% | Scavenger-Tank 27% | Mutant 23% | Scavenger-Gunner 11% | Tank 5% | Gunner 5% | Scavenger-Skirmisher Dominant Class ---------------- Mutant | -10/Materials Mutant | -10/Mines Mutant | -9/Materials Scavenger-Skirmisher | -8/Materials Tank | -7/Factory Scavenger-Tank | -6/Factory Scavenger-Tank | -6/Lower Caves Scavenger-Tank | -6/Lower Caves Scavenger-Gunner | -6/Data Miner Mutant | -5/Proximity Caves Resources | -11 -10 -10 -9 -8 -7 -6 -6 -6 -6 -5 ----------- Run | Yrd Mat Min Mat Mat Fac Fac Low Low Dat Pro Matter Collected 2549 | 217 116 110 258 389 116 68 114 645 . 516 Remotely . | . . . . . . . . . . . Salvage Created 3426 | . 200 . 629 682 146 200 217 604 . 748 Parts 196 | . 7 . 55 44 9 18 6 26 . 31 Haulers Intercepted . | . . . . . . . . . . . Recyclers Shooed 2 | . 2 . . . . . . . . . Parts Field Recycled . | . . . . . . . . . . . Retrieved Matter . | . . . . . . . . . . . Parts Self-Destructed 59 | . . . . . . . 3 14 . 42 Prevented 2 | . . . . . . . 1 1 . . Kills | -11 -10 -10 -9 -8 -7 -6 -6 -6 -6 -5 ------- Run | Yrd Mat Min Mat Mat Fac Fac Low Low Dat Pro Combat Hostiles Destroyed 76 | . 4 . 16 13 3 2 4 18 . 16 Melee 1 | . . . . . . . . . . 1 Guns 29 | . 4 . 5 6 1 . . 8 . 5 Cannons 22 | . . . 1 7 2 2 2 4 . 4 AOE 24 | . . . 10 . . . 2 6 . 6 Classes Destroyed 12 | . 4 . 3 1 . 1 . 2 . 1 Worker 3 | . . . 2 1 . . . . . . Builder 8 | . . . 4 . . 4 . . . . Tunneler 1 | . . . . . . 1 . . . . Recycler 4 | . 1 . 1 2 . . . . . . Watcher 7 | . 1 . 2 3 . 1 . . . . Swarmer 29 | . 2 . 4 7 . . . 11 . 5 Grunt 32 | . 2 . 11 4 3 2 4 1 . 5 Brawler 1 | . . . . 1 . . . . . . Duelist 3 | . . . . . . . . . . 3 Sentry 3 | . . . 1 1 . . . . . 1 Demolisher 2 | . . . . . . . . . . 2 Thug 4 | . . . . . . . . 4 . . Butcher 1 | . . . . . . . . 1 . . Mutant 1 | . . . . . . . . 1 . . Best Kill Streak 11 | . 3 . 9 11 3 6 4 7 . 5 Combat Bots Only 9 | . 3 . 7 9 3 2 4 7 . 5 Max Kills in Single Turn 4 | . 2 . 3 3 1 4 2 2 . 4 Gunslinging . | . . . . . . . . . . . Exploded 4 | . . . 2 . . . 1 2 . 4 Melee 1 | . . . . . . . . . . 1 Uniques/NPCs Destroyed . | . . . . . . . . . . . Combat | -11 -10 -10 -9 -8 -7 -6 -6 -6 -6 -5 -------- Run | Yrd Mat Min Mat Mat Fac Fac Low Low Dat Pro Hostile Shots Fired 400 | . 40 . 47 78 6 5 13 116 . 95 Missed 117 | . 16 . 21 25 . 2 2 28 . 23 Damage Taken 5968 | . 230 . 384 634 180 194 206 2002 . 2138 Core 1030 | . 27 . 26 111 . . . 68 . 798 Absorbed by Shields . | . . . . . . . . . . . Core Remaining (%) 92 | 100 . 89 93 79 100 . . . . . Volleys Fired 161 | . 21 . 24 27 4 6 6 34 . 39 Largest 4 | . 2 . 3 3 4 4 4 4 . 4 Hottest 250 | . 70 . 145 173 228 181 161 250 . 250 Shots Fired 490 | . 42 . 51 76 16 24 24 116 . 141 Gun 246 | . 42 . 22 37 8 16 12 50 . 59 Cannon 197 | . . . 12 39 8 6 6 53 . 73 Launcher 47 | . . . 17 . . 2 6 13 . 9 Special . | . . . . . . . . . . . Kinetic 181 | . 21 . 12 27 4 10 6 42 . 59 Thermal 209 | . 21 . 10 34 8 6 6 53 . 71 Explosive 47 | . . . 17 . . 2 6 13 . 9 Electromagnetic 53 | . . . 12 15 4 6 6 8 . 2 Robot Hit Streak 9 | . 4 . 8 6 9 5 8 9 . 7 Robot Miss Streak 8 | . 4 . 4 4 3 2 1 4 . 8 Penetration Max 1 | . . . . . . . . 1 . 1 Secondary Targets 1 | . 1 . . . . . . . . . Max Gunslinging Chain 1 | . 1 . . . . . . . . . Shots Hit Robots 248 | . 21 . 28 34 10 13 16 58 . 68 Core Hits 181 | . 11 . 38 24 6 10 10 25 . 57 Critical Kills 6 | . . . . . . . . 2 . 4 Critical Parts Destroyed 13 | . . . . . . . . 3 . 10 Critical Strikes 26 | . 2 . . 1 . . . 6 . 17 Burn 6 | . 2 . . 1 . . . 1 . 2 Destroy 20 | . . . . . . . . 5 . 15 Melee Attacks 1 | . . . 1 . . . . . . . Impact 1 | . . . 1 . . . . . . . Slashing . | . . . . . . . . . . . Piercing . | . . . . . . . . . . . Sneak Attacks 1 | . . . 1 . . . . . . . Combat Hostiles . | . . . . . . . . . . . Follow-up Attacks . | . . . . . . . . . . . Damage Inflicted 8499 | . 305 4 1496 1040 219 843 810 1838 . 1944 Guns 2093 | . 305 . 210 310 94 151 122 447 . 454 Cannons 2435 | . . . 107 702 125 101 131 644 . 625 Explosions 3768 | . . . 1088 . . 591 557 747 . 785 Melee 86 | . . . 86 . . . . . . . Ramming 117 | . . 4 5 28 . . . . . 80 Kinetic 1253 | . 144 . 106 224 30 54 20 271 . 404 Thermal 2471 | . 161 . 152 386 125 101 131 769 . 646 Explosive 3720 | . . . 1040 . . 591 557 747 . 785 Electromagnetic 852 | . . . 107 402 64 97 102 51 . 29 Impact 86 | . . . 86 . . . . . . . Slashing . | . . . . . . . . . . . Piercing . | . . . . . . . . . . . Highest Corruption 2 | . . . . . . 2 2 2 2 2 Average Corruption 1 | . . . . . . 1 2 2 2 2 Corruption Purged . | . . . . . . . . . . . Corruption Blocked . | . . . . . . . . . . . Effects 59 | . . . . . . 3 6 23 4 23 Message Errors 11 | . . . . . . . 1 5 . 5 Matter Fused 12 | . . . . . . 2 1 5 . 4 Heat Flow Errors 5 | . . . . . . 1 1 2 . 1 Energy Discharges 9 | . . . . . . . 1 4 1 3 Parts Fused 3 | . . . . . . . 1 . . 2 Data Loss (minor) 11 | . . . . . . . 1 4 2 4 Data Loss (major) 2 | . . . . . . . . . . 2 Alerts 3 | . . . . . . . . 1 1 1 Weapon Failures 3 | . . . . . . . . 2 . 1 Overload Shots . | . . . . . . . . . . . Overflow Damage 278 | . . . 29 11 . 46 29 163 . . Projectiles 63 | . . . . 11 . 12 . 40 . . Explosions 215 | . . . 29 . . 34 29 123 . . Melee . | . . . . . . . . . . . Knockbacks 4 | . . . 1 . . . . 1 . 2 Impact 2 | . . . 1 . . . . . . 1 Kinetic 2 | . . . . . . . . 1 . 1 Secondary . | . . . . . . . . . . . Self-Inflicted Damage 409 | . . . 133 . . . . 238 . 38 Shots 11 | . . . 5 . . . . 5 . 1 Rammed 31 | . . 1 1 . . . . . . 29 Targets Rammed 35 | . . 1 1 4 . . . . . 29 Kicked 4 | . . . . 4 . . . . . . Crushed . | . . . . . . . . . . . Highest Temperature 602 | . 111 . 281 441 602 398 90 366 . 380 Average Temperature 117 | . 33 . 86 148 295 163 24 98 . 125 Received Heat Transfer 1460 | . 72 . 72 261 54 27 90 463 . 421 Effects 15 | . . . 2 6 6 . . . . 1 Shutdowns 7 | . . . . 4 2 . . . . 1 Energy Bleed 1 | . . . . . 1 . . . . . Interference 4 | . . . 2 . 2 . . . . . Matter Decay 2 | . . . . 1 1 . . . . . Damage (minor) 1 | . . . . 1 . . . . . . Siege Activations . | . . . . . . . . . . . Robots Corrupted . | . . . . . . . . . . . Combat Hostiles . | . . . . . . . . . . . Parts Fried . | . . . . . . . . . . . Impact Corruptions . | . . . . . . . . . . . Robots Melted . | . . . . . . . . . . . Combat Hostiles . | . . . . . . . . . . . Parts Melted 3 | . 1 . . . . . . 1 . 1 Heat Transferred 4681 | . 629 . 272 703 185 148 185 1286 . 1273 Parts Sabotaged . | . . . . . . . . . . . Parts Stolen . | . . . . . . . . . . . Parts Stripped . | . . . . . . . . . . . Power Chain Reactions 1 | . . . 1 . . . . . . . Alert | -11 -10 -10 -9 -8 -7 -6 -6 -6 -6 -5 ------- Run | Yrd Mat Min Mat Mat Fac Fac Low Low Dat Pro Peak Influence 534 | . 118 45 534 433 273 121 . . . . Initial 178 | . . 45 17 178 177 35 . . . . Average 155 | . 42 45 257 258 157 69 . . . . Maximum Alert Level 2 | . . . 2 2 1 . . . . . Low Security (%) 63 | 100 100 100 26 22 67 100 . . . . Level 1 32 | . . . 49 75 32 . . . . . Level 2 4 | . . . 24 1 . . . . . . Level 3 . | . . . . . . . . . . . Level 4 . | . . . . . . . . . . . Level 5 . | . . . . . . . . . . . High Security . | . . . . . . . . . . . Max Security . | . . . . . . . . . . . Squads Dispatched 5 | . . . 2 . 1 1 . . . 1 Investigation 2 | . . . 1 . 1 . . . . . Extermination . | . . . . . . . . . . . Reinforcement 2 | . . . 1 . . 1 . . . . Assault 1 | . . . . . . . . . . 1 Garrison . | . . . . . . . . . . . Intercept . | . . . . . . . . . . . Searches Triggered . | . . . . . . . . . . . Construction Impeded 1 | . . . 1 . . . . . . . Haulers Reinforced . | . . . . . . . . . . . Active Scanning Responses . | . . . . . . . . . . . Cargo Convoy Interrupts . | . . . . . . . . . . . Stealth | -11 -10 -10 -9 -8 -7 -6 -6 -6 -6 -5 --------- Run | Yrd Mat Min Mat Mat Fac Fac Low Low Dat Pro Distress Signals 18 | . 1 . 5 1 . . . . . 11 Communications Jammed . | . . . . . . . . . . . Distress Signals . | . . . . . . . . . . . Times Spotted 104 | . 8 . 20 19 4 4 4 20 . 25 Peak Tracking Total 7 | . 4 . 6 6 3 2 4 6 . 7 Tactical Retreats 8 | . . . 1 . . . . 3 . 4 Traps | -11 -10 -10 -9 -8 -7 -6 -6 -6 -6 -5 ------- Run | Yrd Mat Min Mat Mat Fac Fac Low Low Dat Pro Traps Triggered 4 | . . . . 1 1 2 . . . . Indirectly . | . . . . . . . . . . . Trap Hack Attempts . | . . . . . . . . . . . Triggered . | . . . . . . . . . . . Disarmed . | . . . . . . . . . . . Reprogrammed . | . . . . . . . . . . . Reused . | . . . . . . . . . . . Traps Extracted . | . . . . . . . . . . . Installed . | . . . . . . . . . . . Triggered 2 | . . . . . . . . 2 . . Machines | -11 -10 -10 -9 -8 -7 -6 -6 -6 -6 -5 ---------- Run | Yrd Mat Min Mat Mat Fac Fac Low Low Dat Pro Machines Disabled 11 | . . . 4 . . 6 . . . 1 Max in Single Turn 4 | . . . 2 . . 4 . . . . Machines Repaired . | . . . . . . . . . . . Machines Dismantled . | . . . . . . . . . . . Machines Sabotaged . | . . . . . . . . . . . Overloaded Fab Kills . | . . . . . . . . . . . Hacking | -11 -10 -10 -9 -8 -7 -6 -6 -6 -6 -5 --------- Run | Yrd Mat Min Mat Mat Fac Fac Low Low Dat Pro Machines Accessed 8 | . . . 1 . 4 1 . . 2 . Terminals 3 | . . . 1 . 1 1 . . . . Fabricators 2 | . . . . . 2 . . . . . Repair Stations . | . . . . . . . . . . . Recycling Units . | . . . . . . . . . . . Scanalyzers 1 | . . . . . 1 . . . . . Garrison Access . | . . . . . . . . . . . Total Hacks 31 | . . . 5 . 8 2 . . 16 . Successful 22 | . . . 2 . 4 . . . 16 . Failed 9 | . . . 3 . 4 2 . . . . Catastrophic 1 | . . . . . 1 . . . . . Database Lockouts . | . . . . . . . . . . . Manual . | . . . . . . . . . . . Terminals 8 | . . . 5 . 1 2 . . . . Fabricators 5 | . . . . . 5 . . . . . Repair Stations . | . . . . . . . . . . . Recycling Units . | . . . . . . . . . . . Scanalyzers 2 | . . . . . 2 . . . . . Garrison Access . | . . . . . . . . . . . Terminal Hacks 19 | . . . 2 . 1 . . . 16 . Record 1 | . . . . . . . . . 1 . Part Schematic 12 | . . . . . . . . . 12 . Robot Analysis 2 | . . . 2 . . . . . . . Prototype ID Bank 3 | . . . . . . . . . 3 . Open DSF 1 | . . . . . 1 . . . . . Fabricator Hacks 2 | . . . . . 2 . . . . . Build 2 | . . . . . 2 . . . . . Repair Station Hacks . | . . . . . . . . . . . Recycling Unit Hacks . | . . . . . . . . . . . Scanalyzer 1 | . . . . . 1 . . . . . Insert Component 1 | . . . . . 1 . . . . . Garrison Access Hacks . | . . . . . . . . . . . Unauthorized Hacks . | . . . . . . . . . . . Terminals . | . . . . . . . . . . . Fabricators . | . . . . . . . . . . . Repair Stations . | . . . . . . . . . . . Recycling Units . | . . . . . . . . . . . Scanalyzers . | . . . . . . . . . . . Garrison Access . | . . . . . . . . . . . Data Cores Recovered . | . . . . . . . . . . . Used . | . . . . . . . . . . . Hacking Detections 4 | . . . 1 . 2 1 . . . . Full Trace Events 2 | . . . 1 . 1 . . . . . Feedback Events . | . . . . . . . . . . . Feedback Blocked . | . . . . . . . . . . . Robot Schematics Acquired . | . . . . . . . . . . . Robots Built 2 | . . . . . 2 . . . . . Authchips . | . . . . . . . . . . . Time 81 | . . . . . 81 . . . . . Total Robot Build Rating 2 | . . . . . 2 . . . . . Part Schematics Acquired 12 | . . . . . . . . . 12 . Parts Built 2 | . . . . . 2 . . . . . Authchips . | . . . . . . . . . . . Time 58 | . . . . . 58 . . . . . Total Part Build Rating 14 | . . . . . 14 . . . . . Parts Repaired . | . . . . . . . . . . . Time . | . . . . . . . . . . . Parts Recycled . | . . . . . . . . . . . Recycled Matter . | . . . . . . . . . . . Retrieved Matter . | . . . . . . . . . . . Retrieved Components . | . . . . . . . . . . . Parts Scanalyzed . | . . . . . . . . . . . Part Schematics Acquired . | . . . . . . . . . . . Parts Damaged . | . . . . . . . . . . . Bothacking | -11 -10 -10 -9 -8 -7 -6 -6 -6 -6 -5 ------------ Run | Yrd Mat Min Mat Mat Fac Fac Low Low Dat Pro Used RIF Installer . | . . . . . . . . . . . Robots Hacked . | . . . . . . . . . . . Non-combat . | . . . . . . . . . . . Combat . | . . . . . . . . . . . Robot Hacks Applied . | . . . . . . . . . . . Relay Couplers Released . | . . . . . . . . . . . Fabnet Peak Effective % . | . . . . . . . . . . . Robots Rewired . | . . . . . . . . . . . Allies Hacked . | . . . . . . . . . . . Hacks Repelled . | . . . . . . . . . . . Allies | -11 -10 -10 -9 -8 -7 -6 -6 -6 -6 -5 -------- Run | Yrd Mat Min Mat Mat Fac Fac Low Low Dat Pro Total Allies 3 | . . . . . 2 . . . . 1 Largest Group 2 | . . . . . 2 2 . . . 1 Highest-Rated Group 96 | . . . . . 20 20 . . . 96 Highest-Rated Ally 96 | . . . . . 10 10 . . . 96 Total Orders . | . . . . . . . . . . . Ally Attacks 18 | . . . . . . . . . . 18 Total Damage 870 | . . . . . . . . . . 870 Kills 4 | . . . . . . . . . . 4 Allies Corrupted . | . . . . . . . . . . . Allies Melted . | . . . . . . . . . . . Intel | -11 -10 -10 -9 -8 -7 -6 -6 -6 -6 -5 ------- Run | Yrd Mat Min Mat Mat Fac Fac Low Low Dat Pro Robot Analysis Total 2 | . . . 2 . . . . . . . Derelict Logs Recovered 3 | . . . . . . . 1 1 . 1 Drone Launches . | . . . . . . . . . . . Drone Recoveries . | . . . . . . . . . . . Exploration | -11 -10 -10 -9 -8 -7 -6 -6 -6 -6 -5 ------------- Run | Yrd Mat Min Mat Mat Fac Fac Low Low Dat Pro Turns Passed 6596 | 66 284 195 467 691 680 657 434 1246 198 1678 Spaces Moved 3265 | 43 130 110 211 417 292 369 246 651 117 679 Core 353 | 16 . . . 1 . . . . . 336 Treads 2505 | 27 130 110 171 49 292 369 246 651 117 343 Legs 349 | . . . . 349 . . . . . . Wheels 58 | . . . 40 18 . . . . . . Hover . | . . . . . . . . . . . Flight . | . . . . . . . . . . . Fastest Speed 50 | 50 160 160 90 90 170 167 167 167 170 50 Average Speed 172 | 123 160 160 167 127 170 167 167 169 170 219 Slowest Speed 500 | 160 160 160 320 500 170 167 167 250 170 250 Overloaded Moves . | . . . . . . . . . . . Propulsion Burnouts . | . . . . . . . . . . . Robots Hopped . | . . . . . . . . . . . Cave-ins Triggered . | . . . . . . . . . . . Exploration Rate (%) 34 | 4 18 34 26 29 8 10 46 69 74 66 Regions Visited 10 Branch Regions 5 Pre-discovered Areas . | . . . . . . . . . . . Known Exits Taken 2 | . . . . . . . 1 1 . . Unknown Exits Taken 8 | 1 1 1 1 1 1 1 . . 1 . Scrap Searched 10 | . . 2 . . . . 2 5 . 1 Spaces Dug . | . . . . . . . . . . . Terrain Destroyed 416 | . . . 101 11 . 13 74 177 . 40 Melee . | . . . . . . . . . . . Projectile 34 | . . . . 11 . . . 14 . 9 AOE 381 | . . . 101 . . 13 74 162 . 31 Terrain Rammed . | . . . . . . . . . . . Walls Destroyed . | . . . . . . . . . . . Machines Disabled . | . . . . . . . . . . . Actions | -11 -10 -10 -9 -8 -7 -6 -6 -6 -6 -5 --------- Run | Yrd Mat Min Mat Mat Fac Fac Low Low Dat Pro Total 3881 | 56 164 133 277 519 465 399 254 718 116 780 Wait 201 | . . 8 . 18 159 . . 3 . 13 Move 3255 | 42 129 109 210 416 291 368 245 650 116 679 Hop . | . . . . . . . . . . . Pick Up 81 | 9 12 3 15 13 1 8 1 12 . 7 Fast Attach 25 | . . 1 3 13 5 2 . 1 . . Attach 52 | 5 2 1 9 6 1 5 1 11 . 11 Detach 5 | . . . 1 . . 1 . 2 . 1 Swap 2 | . . . 1 1 . . . . . . Drop 63 | . . 10 12 21 4 9 1 5 . 1 Fire 161 | . 21 . 24 27 4 6 6 34 . 39 Melee 1 | . . . 1 . . . . . . . Ram 29 | . . . . . . . . . . 29 Kick 4 | . . . . 4 . . . . . . Crush 2 | . . 1 1 . . . . . . . Escape Stasis . | . . . . . . . . . . . Rewire . | . . . . . . . . . . . Trap . | . . . . . . . . . . . Miscellaneous . | . . . . . . . . . . . Route ------- -11/Scrapyard -10/Materials -10/Mines (discovered 2 exits: *Mat x2) -9/Materials -8/Materials -7/Factory -6/Factory -6/Lower Caves -6/Lower Caves -6/Data Miner -5/Proximity Caves History --------- Turn | Location | Event 4 | -11/Scrapyard | Discovered new exit (range 14) 67 | -11/Scrapyard | Entered Materials 279 | -10/Materials | Discovered new exit (range 7) 309 | -10/Materials | Build established: Mutant 351 | -10/Materials | Entered Mines 358 | -10/Mines | Received a Rocket Launcher from a helpful Derelict 367 | -10/Mines | Met a Derelict bent on vengeance 466 | -10/Mines | Discovered new exit (range 4) 509 | -10/Mines | Discovered new exit (range 15) 534 | -10/Mines | Assembled infested the area 546 | -10/Mines | Entered Materials 546 | -9/Materials | Evolved 2 slots: Power x1, Weapon x1 981 | -9/Materials | Destroyed 7 combat bots 998 | -9/Materials | Discovered new exit (range 14) 1013 | -9/Materials | Entered another Materials area 1013 | -8/Materials | Evolved 2 slots: Propulsion x1, Utility x1 1424 | -8/Materials | Destroyed 9 combat bots 1479 | -8/Materials | Build established: Scavenger-Skirmisher 1532 | -8/Materials | Discovered new exit (range 15) 1704 | -8/Materials | Entered Factory 1704 | -7/Factory | Evolved 2 slots: Utility x1, Weapon x1 1860 | -7/Factory | Fabricated Phase Gun (x2) 1934 | -7/Factory | Build established: Tank 2273 | -7/Factory | Fabricated T-07 Excavator (x2) 2340 | -7/Factory | Discovered new exit (range 5) 2384 | -7/Factory | Entered another Factory area 2384 | -6/Factory | Accompanied by 2 allies 2384 | -6/Factory | Evolved 2 slots: Power x1, Propulsion x1 2682 | -6/Factory | Build established: Scavenger-Tank 3033 | -6/Factory | Discovered new exit (range 5) 3041 | -6/Factory | Entered Lower Caves 3284 | -6/Lower Caves | Identified exit to Lower Caves 3475 | -6/Lower Caves | Entered another Lower Caves area 3609 | -6/Lower Caves | Destroyed 7 combat bots 4153 | -6/Lower Caves | Attacked by a faux Warlord 4235 | -6/Lower Caves | Lost 7 parts (1p2n1u3w) 4497 | -6/Lower Caves | Build established: Scavenger-Gunner 4504 | -6/Lower Caves | Identified exit to Data Miner 4721 | -6/Lower Caves | Entered Data Miner 4721 | -6/Data Miner | Discovered new exit (range 6) 4764 | -6/Data Miner | Met Data Miner 4866 | -6/Data Miner | Received God Mode back door access code from Data Miner 4919 | -6/Data Miner | Entered Proximity Caves 5336 | -5/Proximity Caves | Lost 5 parts (2p2u1w) 5676 | -5/Proximity Caves | Attracted the attention of an 0b10 outpost 5719 | -5/Proximity Caves | Lost 3 parts (1p2n) 5754 | -5/Proximity Caves | Core integrity fell below 50% 5763 | -5/Proximity Caves | Escorted by Enhanced Grunt 5768 | -5/Proximity Caves | Core integrity fell below 20% 5783 | -5/Proximity Caves | Lost 9 parts (1p1n2u5w) 5945 | -5/Proximity Caves | Learned location of 2 exits from Factory 6029 | -5/Proximity Caves | Build established: Mutant 6597 | -5/Proximity Caves | Destroyed by D-63 Destroyer with Heavy Rocket Launcher Last Messages --------------- 05813_ Imp. Remote Force Field fries itself beyond repair. 05815_ Antimatter Reactor fries itself beyond repair. 05815_ Power Amplifier fries itself beyond repair. 05818_ System corrupted: Component data lost. 05938_ System corrupted: Matter fused (-10). 05945_ Acquired derelict log, extracted data. Data stored: Factory exits (x2). 05957_ System corrupted: Matter fused (-9). 05980_ System corrupted: IFF burst signal emitted. 06117_ System corrupted: Hvy. Particle Cannon fused. 06205_ &Y0X2DW#ZS&RCT8HHPGX W40DPVO%LJPEZAALI 06337_ System corrupted: Substantial component data lost. 06387_ System corrupted: Component data lost. 06471_ JXWZ96TLLB%XLBTPCH